 Dungeon Crawl Stone Soup version 0.19-a0-1714-gcab94ab (webtiles) character file.

139 kae the Chopper (level 5, -4/41 HPs)
             Began as a Formicid Fighter on Sept 28, 2016.
             Slain by Ijyb
             ... wielding a +8 club
              (10 damage)
             ... on level 2 of the Dungeon.
             The game lasted 00:01:36 (1270 turns).

kae the Chopper (Formicid Fighter)                  Turns: 1270, Time: 00:01:37

Health: -4/41      AC:  7    Str: 22    XL:     5   Next: 46%
Magic:  5/5        EV:  8    Int:  7    God:
Gold:   74         SH:  9    Dex: 10    Spells: 0 memorised, 4 levels left

rFire  . . .     SeeInvis +     a - +0 war axe
rCold  . . .     Gourm    .     b - +0 scale mail
rNeg   . . .     Faith    .     c - +0 shield
rPois  .         Spirit   .     (helmet unavailable)
rElec  .         Dismiss  .     (no cloak)
rCorr  .         Reflect  .     (no gloves)
MR     .....     Harm     .     (no boots)
Stlth  ..........               (no amulet)
                                (no ring)
                                (no ring)

@: no status effects
A: permanent stasis, dig shafts and tunnels, four strong arms, antennae 3
a: Dig, Shaft Self


You were on level 2 of the Dungeon.
You were hungry.

You visited 1 branch of the dungeon, and saw 2 of its levels.

You collected 74 gold pieces.

Inventory:

Hand Weapons
 a - a +0 war axe (weapon)
Armour
 b - a +0 scale mail (worn)
 c - a +0 shield (worn)
Scrolls
 e - a scroll of remove curse
 n - a scroll of teleportation
Potions
 i - 2 potions of ambrosia
 k - a potion of flight {unknown}
Comestibles
 f - 2 bread rations
 g - a slice of pizza
 h - a beef jerky
 j - 2 meat rations


   Skills:
 - Level 3.2 Fighting
 + Level 5.2 Axes
 - Level 3.2 Armour
 - Level 3.6 Shields


You had 4 spell levels left.
You didn't know any spells.

Dungeon Overview and Level Annotations

Branches:
Dungeon (2/15)

Altars:
Elyvilon

Annotations:
D:2 Ijyb


Innate Abilities, Weirdness & Mutations

You are under a permanent stasis effect.
You can dig through walls and to a lower floor.
Your four strong arms can wield two-handed weapons with a shield.
You have a pair of large antennae on your head. (SInv)


Message History

* * * LOW HITPOINT WARNING * * *
You are too injured to fight recklessly!
You are too injured to fight recklessly!
You are too injured to fight recklessly!
You are too injured to fight recklessly!
You hit Ijyb but do no damage.
Ijyb is almost dead.
Ijyb hits you with an enchanted club.
* * * LOW HITPOINT WARNING * * *
Ijyb barely misses you.
Okay, then.
You hit Ijyb but do no damage.
Ijyb is almost dead.
You block Ijyb's attack.
It was a potion of magic.
Magic courses through your body. You block Ijyb's attack.
You hit Ijyb but do no damage.
Ijyb is almost dead.
Ijyb hits you with an enchanted club!
You die...

##.>.....## #.........#
+.....>...+ #.........#
#.....s.# #....<# #.s.#
##########g####### #
#.........#.@.....#
#.##.#######.#.#####.#
#........###.#.#####.##
###.##.#.##..........#
#...###........##..#
####.#.###...#.##..#
##.## ##........#####.#
### #.##..)........#
#.######.######


You could see Ijyb and a giant cockroach.

Vanquished Creatures
  A jelly (D:1)
  Robin (D:2)
  An adder (D:2)
  5 oozes (D:1)
  2 dart slugs (D:1)
  A ball python (D:1)
  4 bats
  7 giant cockroaches (D:1)
  5 goblins
  6 hobgoblins
  12 jackals
  A frilled lizard (D:1)
  7 kobolds
  5 rats
58 creatures vanquished.

Notes
Turn   | Place    | Note
-------+----------+-------------------------------------------
     0 | D:1      | kae the Formicid Fighter began the quest for the Orb.
     0 | D:1      | Reached XP level 1. HP: 18/18 MP: 1/1
     2 | D:1      | Found a runed door.
     3 | D:1      | Noticed a jelly
    56 | D:1      | Reached XP level 2. HP: 23/24 MP: 2/2
   167 | D:1      | Reached skill level 3 in Axes
   304 | D:1      | Reached XP level 3. HP: 27/29 MP: 3/3
   609 | D:1      | Reached skill level 4 in Axes
   609 | D:1      | Reached XP level 4. HP: 33/35 MP: 4/4
   664 | D:2      | Noticed Robin
   666 | D:2      | Reached XP level 5. HP: 40/41 MP: 5/5
   673 | D:2      | Killed Robin
   680 | D:2      | Reached skill level 5 in Axes
   826 | D:2      | Found a white marble altar of Elyvilon.
  1258 | D:2      | Noticed Ijyb
  1270 | D:2      | Slain by Ijyb

Vault maps used:
D:1:      dpeg_arrival_caged_fury
D:2:      elyvilon_altar_5, nicolae_overflow_crystal_walls, first_bread,
          minmay_pentomino_z4, uniq_crazy_yiuf_cottage, uniq_iyjb, uniq_robin,
          uniq_sigmund

Skill      XL: |  1  2  3  4  5 |
---------------+----------------+-----
Axes           | 3 4 5 |  5.2
Fighting       | |  3.2
Armour         | |  3.2
Shields        | |  3.6

Action                   |  1- 3 |  4- 6 || total
-------------------------+-------+-------++-------
Melee: War axe           |    70 |    88 ||   158
  Use: Scroll            |     4 |       ||     4
       Potion            |     3 |     1 ||     4
  Eat: Chunk             |       |     1 ||     1
Armor: Scale mail        |    34 |    42 ||    76
Dodge: Dodged            |    21 |    33 ||    54
Block: Shield            |    38 |    59 ||    97
